AoeStats
← Imperio Argentino

Arabia

508676678Analyzed
2v2 RM · 9d ago on Sep 23, 2026· 52m 51s· 4 players
Game mode
Random Map
Map size
Medium (4 player)
Population
200
Speed
Normal
Resources
Standard
Victory
Conquest
Starting age
Dark Age
Ending age
Imperial Age
RankedLock teamsTeams togetherTeam positionsShared explorationLock speedFull tech treeHidden civsTurbo modeCheats
Victory
Defeat
🇮🇹 Romans · Italy
671
+13
🇮🇹 Ethiopians · Italy
596
+17
🇪🇸 Tatars · Spain
609
-15
🇦🇷 Spanish · Argentina
600
-15
zenpegasus4
5:02 Loom
7:18 Loom
10:37 Feudal Age
16:57 Bloodlines
21:44 Man-at-Arms
28:45 Wheelbarrow
28:03 Horse Collar
31:44 Forging
31:36 Town Watch
33:24 Double-Bit Axe
36:41 Fletching
40:02 Castle Age
40:10 Long Swordsman
43:31 Ballistics
46:15 Scale Mail Armor
50:16 Murder Holes
Imperio Argentino
PeterMolly
11:52 Feudal Age
12:27 Double-Bit Axe
16:58 Scale Mail Armor
18:54 Man-at-Arms
27:12 Castle Age
27:00 Forging
26:54 Gold Mining
28:33 Chain Mail Armor
30:03 Horse Collar
32:41 Bow Saw
33:29 Long Swordsman
39:04 Iron Casting
45:13 Imperial Age
45:29 Legionary
JonnyKush
11:46 Feudal Age
12:43 Horse Collar
15:15 Wheelbarrow
19:10 Double-Bit Axe
20:37 Fletching
20:54 Padded Archer Armor
20:50 Loom
23:22 Gold Mining
25:10 Arson
26:51 Forging
26:42 Scale Mail Armor
32:00 Castle Age
35:39 Leather Archer Armor
39:04 Bodkin Arrow
39:20 Thumb Ring
38:36 Crossbowman
40:43 Squires
42:40 Hand Cart
43:33 Bow Saw
46:10 Iron Casting
45:50 Chain Mail Armor
50:49 Imperial Age
51:01 Arbalester
52:13 Halberdier
53:21 Bracer
Connection lost

Rejoining the realm…

Still unreachable

The connection could not be restored.

Session expired

The server has moved on; the page needs a fresh start.